 Dungeon Crawl Stone Soup version 0.28-a0-422-gd71735cc25 (webtiles) character file.

Game seed: 12154175285677875500

32 Rennog the Gusty (level 3, -2/19 HPs)
             Began as a Tengu Air Elementalist on Sept 8, 2021.
             Killed from afar by Terence (4 damage)
             ... with a puff of flame
             ... on level 2 of the Dungeon.
             The game lasted 00:03:14 (1564 turns).

Rennog the Gusty (Tengu Air Elementalist)           Turns: 1564, Time: 00:03:14

Health: -2/19      AC:  2    Str:  8    XL:     3   Next: 27%
Magic:  1/7        EV: 12    Int: 16    God:
Gold:   49         SH:  0    Dex: 14    Spells: 3/6 levels left

rFire   . . .      SeeInvis .   (no weapon)
rCold   . . .      Faith    .   (no shield)
rNeg    . . .      Spirit   .   a - +0 robe
rPois   .          Reflect  .   (helmet restricted)
rElec   .          Harm     .   (no cloak)
rCorr   .          Rampage  .   (no gloves)
Will    .....                   (boots unavailable)
Stlth   ++........              (no amulet)
HPRegen 0.06/turn               (no ring)
MPRegen 0.10/turn               (no ring)

@: no status effects
A: beak, talons 3
a: no special abilities


You were on level 2 of the Dungeon.
You visited 1 branch of the dungeon, and saw 2 of its levels.

You collected 49 gold pieces.

Inventory:

Armour
 a - a +0 robe (worn)
Scrolls
 b - a scroll of identify {unknown}
 c - a scroll of enchant armour {unknown}
 d - a scroll of teleportation {unknown}
Potions
 e - a potion of might {unknown}


   Skills:
 + Level 2.7 Dodging
 - Level 2.0 Stealth
 + Level 2.4 Spellcasting
 - Level 1.3 Conjurations
 + Level 4.8 Air Magic


You had 3 spell levels left.
You knew the following spells:

 Your Spells              Type           Power      Damage    Failure   Level
a - Shock                 Conj/Air       44%        1d5       5%          1
b - Static Discharge      Conj/Air       11%        N/A       9%          2

Your spell library contained the following spells:

 Spells                   Type           Power      Damage    Failure   Level
 Swiftness                Air            17%        N/A       9%          3
 Airstrike                Air            8%         N/A       26%         4


Dungeon Overview and Level Annotations

Branches:
Dungeon (2/15)

Altars:

Annotations:
D:2 Terence


Innate Abilities, Weirdness & Mutations

You have a beak for a mouth.
You have claws for feet.


Message History

There is a stone staircase leading up here.
There is a stone staircase leading up here.
An endoplasm comes into view.
The zap hits the endoplasm.
The endoplasm is lightly wounded.
The endoplasm quivers.
The zap hits the endoplasm.
The endoplasm is heavily wounded.
The zap hits the endoplasm.
You kill the endoplasm!
You can't see any susceptible monsters within range! (Use Z to cast anyway.)
You can't see any susceptible monsters within range! (Use Z to cast anyway.) Magic restored.
There is a stone staircase leading up here.
You now have 49 gold pieces (gained 15).
e - a lumpy blue potion You can't see any susceptible monsters within range! (Use Z to cast anyway.)
Casting: Shock (safe; 5% risk of failure)
Confirm with . or Enter, or press ? or * to list all spells.
Terence is struck by an arc of lightning.
Terence shouts!
Terence is moderately wounded.
You are struck by an arc of lightning.
The lightning grounds out.
Terence misses you.
Casting: Static Discharge (safe; 9% risk of failure)
Confirm with . or Enter, or press ? or * to list all spells.
Terence is struck by an arc of lightning.
Terence is heavily wounded.
You are struck by an arc of lightning.
The lightning grounds out.
Terence hits you but does no damage.
Casting: Static Discharge (safe; 9% risk of failure)
Confirm with . or Enter, or press ? or * to list all spells.
Terence is struck by an arc of lightning.
Terence is severely wounded.
You are struck by an arc of lightning.
The lightning grounds out.
Terence hits you with a +0 trident!
Ouch! That really hurt!
* * * LOW HITPOINT WARNING * * *
Terence zaps a wand.
The puff of flame hits you.
You die...

.#.# ... ..# ###.# #
#.@.# #.##.#.#
#......# ####.####
#...@...# #.##.##.#
#.##.##.# #.##.##.#
#.##.##.# #####
#.......###### #...
#............###.####
##.#.#.#####.#...<..#
#.#...# #.#.#.##.#


You could see Terence.

Vanquished Creatures
  A dart slug (D:2)
  A ball python (D:1)
  8 endoplasms
  A giant cockroach (D:2)
  2 goblins (D:1)
  2 hobgoblins (D:1)
  4 jackals (D:1)
  A bat (D:1)
  A frilled lizard (D:1)
  A kobold (D:1)
  4 rats (D:1)
26 creatures vanquished.

Notes
Turn   | Place    | Note
-------+----------+-------------------------------------------
     0 | D:1      | Rennog the Tengu Air Elementalist began the quest for the
                  | Orb.
     0 | D:1      | Reached XP level 1. HP: 10/10 MP: 4/4
   262 | D:1      | Reached XP level 2. HP: 15/15 MP: 4/6
   516 | D:1      | Learned a level 2 spell: Static Discharge
   710 | D:1      | Reached XP level 3. HP: 18/19 MP: 4/7
   955 | D:2      | Noticed Terence
  1434 | D:2      | Noticed a scorpion
  1564 | D:2      | Killed from afar by Terence

Illustrated notes

Levels and vault maps discovered:
D:1:      grunt_arrival_crossed_arrows, layout_basic, minmay_ruptured
D:2:      minmay_roachtagon, layout_loops_cross, basic_altar,
          ebering_ecumenical_altar_hall, uniq_sigmund, uniq_terence,
          uniq_natasha

Action                   || total
-------------------------++-------
 Cast: Shock             ||    59
       Static Discharge  ||     4
Armor: Robe              ||     2
Dodge: Dodged            ||    10

Table legend: (Time is in decaauts)
 A = Elapsed time spent in this place.
 B = Non-inter-level travel time spent in this place.
 C = Inter-level travel time spent in this place.
 D = Time resting spent in this place.
 E = Time spent auto-exploring this place.
 F = Levels seen in this place.
 G = Mean time per level.
                   A        B        C        D        E       F      G
               +--------+--------+--------+--------+--------+-----+--------+
         Total |   1566 |   1429 |    137 |    379 |    894 |   2 |  783.0 |
       Dungeon |   1566 |   1429 |    137 |    379 |    894 |   2 |  783.0 |
               +--------+--------+--------+--------+--------+-----+--------+

Top non-repeatable levels by time:
     D:1: 1406 daAuts
     D:2: 160 daAuts
